 Dungeon Crawl Stone Soup version 0.27-a0-1083-gcf8293e1eb (webtiles) character file.

Game seed: 15714252439744843869

42 EnegeticOcto the Magician (level 3, 14/25 HPs)
             Began as a Djinni Air Elementalist on Apr 26, 2021.
             Was a Follower of Qazlal.
             Quit the game on level 2 of the Dungeon.
             The game lasted 00:01:16 (88 turns).

EnegeticOcto the Magician (Djinni Air Elementalist)   Turns: 88, Time: 00:01:17

Health: 14/25      AC:  2    Str:  7    XL:     3   Next: 56%
Gold:   0          EV: 12    Int: 17    God:    Qazlal [*.....] SH:  1 Dex: 13

rFire    + + .     SeeInvis .   c - +2 halberd (holy)
rCold    x . .     Faith    .   (shield currently unavailable)
rNeg     . . .     Spirit   .   a - +0 robe
rPois    ∞         Reflect  .   (no helmet)
rElec    .         Harm     .   (no cloak)
rCorr    .         Rampage  .   (no gloves)
Will     .....                  (boots unavailable)
Stlth    ++........             (no amulet)
HPRegen  0.08/turn              (no ring)
MPRegen  0.00/turn              (no ring)

@: flying
A: fire resistance 2, cold vulnerability 1, float, innate caster, hp casting,
extra vitality 1
a: Renounce Religion


You were on level 2 of the Dungeon.
You worshipped Qazlal.
Qazlal was aware of your devotion.
You visited 1 branch of the dungeon, and saw 2 of its levels.

Inventory:

Hand Weapons
 c - a +2 halberd of holy wrath (weapon)
   (You took it off a gnoll on level 2 of the Dungeon)
Armour
 a - a +0 robe (worn)
Potions
 b - a potion of flight {unknown}


   Skills:
 - Level 2.1 Dodging
 - Level 1.5 Stealth
 + Level 3.9 Spellcasting


You couldn't memorise any spells.
You knew the following spells:

 Your Spells              Type           Power      Damage    Failure   Level
a - Shock                 Conj/Air       64%        1d7       3%          1
b - Static Discharge      Conj/Air       16%        N/A       4%          2
c - Airstrike             Air            8%         N/A       32%         4
d - Lightning Bolt        Conj/Air       8%         1d20      65%         5
e - Sandblast             Erth           32%        2d9       3%          1
V - Swiftness             Air            16%        N/A       10%         3
Your spell library was empty.

Dungeon Overview and Level Annotations

Branches:
Dungeon (1/15)

Altars:
Qazlal


Innate Abilities, Weirdness & Mutations

You are immune to poison.
Your flesh is very heat resistant. (rF++)
You are vulnerable to cold. (rC-)
You float through the air rather than walking.
You learn spells naturally, not from books.
Your magical power is your life essence.
You have superior vitality. (+4 HP)


Message History

Casting: Shock (safe; 4% risk of failure)
Confirm with . or Enter, or press ? or * to list all spells.
Aiming: Shock (safe; 4% risk of failure)
Press: ? - help, Shift-Dir - straight line, f - gnoll, p - gnoll
Aim: a gnoll, wielding a +0 club (wandering, hasn't noticed you, 75% to hit)
The zap hits the gnoll.
The gnoll is moderately wounded.
The zap hits the gnoll.
The gnoll is lightly wounded.
The gnoll shouts!
Casting: Shock (safe; 4% risk of failure)
Confirm with . or Enter, or press ? or * to list all spells.
Aiming: Shock (safe; 4% risk of failure)
Press: ? - help, Shift-Dir - straight line, f - gnoll, p - gnoll
Aim: a gnoll, wielding a +2 halberd of holy wrath (moderately wounded, 75% to hit)
The zap hits the gnoll.
The gnoll is heavily wounded.
The zap hits the gnoll.
The gnoll is heavily wounded.
Casting: Shock (safe; 4% risk of failure)
Confirm with . or Enter, or press ? or * to list all spells.
Aiming: Shock (safe; 4% risk of failure)
Press: ? - help, Shift-Dir - straight line, p - gnoll
Okay, then.
The gnoll hits the plant with a +2 halberd of holy wrath!
Casting: Shock (safe; 4% risk of failure)
Confirm with . or Enter, or press ? or * to list all spells.
Aiming: Shock (safe; 4% risk of failure)
Press: ? - help, Shift-Dir - straight line, f/p - gnoll
Aim: a gnoll, wielding a +2 halberd of holy wrath (heavily wounded, 75% to hit)
Okay, then.
A nearby plant withers and dies.
There is an open door here.
Casting: Shock (safe; 4% risk of failure)
Confirm with . or Enter, or press ? or * to list all spells.
Aiming: Shock (safe; 4% risk of failure)
Press: ? - help, Shift-Dir - straight line, f/p - gnoll
Aim: a gnoll, wielding a +2 halberd of holy wrath (heavily wounded, 75% to hit)
The zap hits the gnoll but does no damage.
The gnoll is heavily wounded.
The zap hits the gnoll.
The gnoll is almost dead.
The zap hits the plant.
The plant begins to die.
The plant is lightly damaged.
The zap hits the plant.
The plant begins to die.
The plant is lightly damaged.
Casting: Shock (safe; 4% risk of failure)
Confirm with . or Enter, or press ? or * to list all spells.
Aiming: Shock (safe; 4% risk of failure)
Press: ? - help, Shift-Dir - straight line, f/p - gnoll
Aim: a gnoll, wielding a +2 halberd of holy wrath (almost dead, 75% to hit)
The zap hits the gnoll.
The gnoll is almost dead.
The zap hits the gnoll.
You kill the gnoll!
You have reached level 3!
Your experience leads to an increase in your attributes!
Increase (s)trength, (i)ntelligence, or (d)exterity?
You feel clever.
The power to cast Sandblast wells up from within.
Spell assigned to 'e'.
Things that are here:
a +0 flail; a gnoll corpse
Casting: Shock (safe; 3% risk of failure)
Confirm with . or Enter, or press ? or * to list all spells.
Aiming: Shock (safe; 3% risk of failure)
Press: ? - help, Shift-Dir - straight line
Okay, then.
Casting: Shock (safe; 3% risk of failure)
Confirm with . or Enter, or press ? or * to list all spells.
Aiming: Shock (safe; 3% risk of failure)
Press: ? - help, Shift-Dir - straight line The zap hits the gnoll.
You kill the gnoll!
Items here: )) ††.
There is an open door here.
Things that are here:
a +2 halberd of holy wrath; a gnoll corpse Your +2 halberd of holy wrath softly glows with a divine radiance!
c - a +2 halberd of holy wrath (weapon)
Found a robe.
Found a trident.
Found a faded altar of an unknown god.
There is a faded altar of an unknown god here.
You cannot tell which god this altar belongs to.
Convert to them anyway?
Qazlal accepts your prayer! Qazlal welcomes you!
Qazlal grants you and your divine allies immunity to clouds.
You are now surrounded by a storm.
Found a stone staircase leading down.
Things that are here:
a +0 robe; a +0 hand axe A goblin comes into view.
It is wielding a +0 club.
Found a dagger.
There is a fountain of sparkling water here.
A hobgoblin comes into view.
The goblin shouts!
A hobgoblin comes into view.
The hobgoblin shouts!
Are you sure you want to abandon this character and quit the game? (Confirm with "yes".)

#....# ##...PP.PP.###
#.)..####......####..#
#....'...†..###....≈.#
#....##...###_....P.≈####
#....##.##..###.°........
###.....# ..#...⌠⌠.......
#.....# ..#..P.⌠≈......
#.....+...###....P.....
#.....##......@....####
#.....#...........P....
#.....#.##....g...##...
#######...>.......+ ...
#####.)..g.# .. #...g..#
#......# ##.#####


You could see 2 hobgoblins and a goblin.

Vanquished Creatures
  3 gnolls (D:2)
  An adder (D:2)
  A bat (D:2)
  An endoplasm (D:2)
6 creatures vanquished.

Vanquished Creatures (others)
  3 plants (D:2)
3 creatures vanquished.

Grand Total: 9 creatures vanquished

Notes
Turn   | Place    | Note
-------+----------+-------------------------------------------
     0 | D:1      | EnegeticOcto the Djinni Air Elementalist began the quest
                  | for the Orb.
     0 | D:1      | Reached XP level 1. HP: 15/15 MP: 0/0
    12 | D:1      | You are sucked into a shaft and drop 1 floor!
    26 | D:2      | Reached skill level 3 in Spellcasting
    26 | D:2      | Reached XP level 2. HP: 15/21 MP: 0/0
    57 | D:2      | Reached XP level 3. HP: 13/25 MP: 0/0
    57 | D:2      | Learned a level 1 spell: Sandblast
    77 | D:2      | Found a faded altar of an unknown god.
    80 | D:2      | Became a worshipper of Qazlal Stormbringer
    80 | D:2      | Reached * piety under Qazlal
    88 | D:2      | Quit the game

Illustrated notes

Levels and vault maps discovered:
D:1:      minmay_arrival_hallway, layout_basic, chequers_decorated_corner
D:2:      layout_basic, shapermc_ecumenical_altar_mp_ritualfount, st_stairs_3

Skill      XL: |  1 |
---------------+----+-----
Spellcasting   | 3 |  3.9
Dodging        | |  2.1
Stealth        | |  1.5

Action                   || total
-------------------------++-------
 Cast: Shock             ||    12
Dodge: Dodged            ||     2

Table legend: (Time is in decaauts)
 A = Elapsed time spent in this place.
 B = Non-inter-level travel time spent in this place.
 C = Inter-level travel time spent in this place.
 D = Time resting spent in this place.
 E = Time spent auto-exploring this place.
 F = Levels seen in this place.
 G = Mean time per level.
                   A        B        C        D        E       F      G
               +--------+--------+--------+--------+--------+-----+--------+
         Total |     87 |     87 |      0 |      0 |      0 |   2 |   43.5 |
       Dungeon |     87 |     87 |      0 |      0 |      0 |   2 |   43.5 |
               +--------+--------+--------+--------+--------+-----+--------+

Top non-repeatable levels by time:
     D:2: 75 daAuts
     D:1: 12 daAuts
